 Dungeon Crawl Stone Soup version 0.26-a0-651-gb41185065b (webtiles) character file.

Game seed: 9955333264369872095

42 Apogee the Ruffian (level 3, -1/33 HPs)
             Began as a Ghoul Monk on Oct 1, 2020.
             Slain by Terence
             ... wielding a +0 morningstar
              (6 damage)
             ... on level 2 of the Dungeon.
             The game lasted 00:02:39 (1606 turns).

Apogee the Ruffian (Ghoul Monk)                     Turns: 1606, Time: 00:02:40

Health: -1/33      AC:  2    Str: 15    XL:     3   Next: 54%
Magic:  2/2        EV: 13    Int:  5    God:
Gold:   61         SH:  0    Dex: 11    Spells: 2/2 levels left

rFire    . . .     SeeInvis .     - Unarmed
rCold    + . .     Faith    .   (no shield)
rNeg     + + +     Spirit   .   a - +0 robe
rPois    ∞         Reflect  .   (no helmet)
rElec    .         Harm     .   (no cloak)
rCorr    .         Rampage  .   (no gloves)
MR       .....                  (no boots)
Stlth    ++........             (no amulet)
HPRegen  0.00/turn              (no ring)
MPRegen  0.08/turn              (no ring)

@: no status effects
A: rotting body, claws 1, cold resistance 1, negative energy resistance 3,
inhibited regeneration, torment resistance, unbreathing
a: no special abilities


You were on level 2 of the Dungeon.
You visited 1 branch of the dungeon, and saw 2 of its levels.

You collected 61 gold pieces.

Inventory:

Missiles
 k - 72 stones (quivered)
Armour
 a - a +0 robe (worn)
 d - a +0 pair of gloves
   (You found it on level 1 of the Dungeon)
 i - a +0 tower shield
   (You found it on level 1 of the Dungeon)
Jewellery
 g - an uncursed ring of magical power {unknown}
   (You found it on level 1 of the Dungeon)
Scrolls
 b - a scroll of magic mapping {unknown}
 e - a scroll of identify {unknown}
 f - a scroll of remove curse {unknown}
 h - a scroll of amnesia {unknown}
 l - a scroll of teleportation {unknown}
Potions
 c - a potion of curing {unknown}
 j - a potion of lignification {unknown}
 m - a potion of resistance {unknown}


   Skills:
 + Level 3.7 Fighting
 - Level 3.0 Dodging
 - Level 2.1 Stealth
 * Level 4.2 Unarmed Combat


You had 2 spell levels left.
You didn't know any spells.
Your spell library was empty.

Dungeon Overview and Level Annotations

Branches:
Dungeon (2/15)

Altars:

Annotations:
D:2 1 runed translucent door, Crazy Yiuf, Terence


Innate Abilities, Weirdness & Mutations

Your body is rotting away.
You thrive by killing the living.
You are immune to poison.
You have sharp fingernails.
Your flesh is cold resistant. (rC+)
You are immune to negative energy. (rN+++)
You do not regenerate when monsters are visible.
You are immune to unholy pain and torment.
You can survive without breathing.


Message History

You scratch the dart slug. The dart slug bites you.
You claw the dart slug!
You kill the dart slug!
You feel better.
No target in view!
No target in view!
No target in view!
No target in view!
No target in view!
No target in view!
No target in view!
No target in view!
No target in view!
No target in view!
No target in view!
No target in view!
You see here 25 bolts.
Found a ring mail.
Found a scroll labeled QIQ NIGUWUSM.
Found an escape hatch in the floor.
Found a purple potion.
l - a scroll labeled QIQ NIGUWUSM No target in view!
m - a purple potion No target in view!
Terence the Incautious comes into view.
He is wielding a +0 morningstar.
Terence shouts!
Unknown command.
You completely miss Terence. Terence hits you with a +0 morningstar!
You barely miss Terence. Terence misses you.
You scratch Terence. You scratch Terence but do no damage.
Terence hits you with a +0 morningstar!
* * * LOW HITPOINT WARNING * * *
You see here a ring mail.
There is a stone staircase leading up here.
Terence says, "Don't bother to defend, it's useless."
Terence shouts, "DIE!!!"
You see here a ring mail.
There is a stone staircase leading up here.
Terence says, "How do you enjoy it?" Terence hits you with a +0 morningstar!
* * * LOW HITPOINT WARNING * * *
You see here a ring mail.
Terence shouts, "DIE!!!"
There is a stone staircase leading up here.
Terence looks scornfully at you. Terence shouts, "Now you die!"
You see here a ring mail.
There is a stone staircase leading up here.
Terence hits you with a +0 morningstar.
You die...

#.# #.# #....# ##### #.# #.#
##.##.# ##...###.# #.# ##..#
... ##).).....#
#.###.......##.
#))))####.####.....##.......
#))))# #.##....####........
#))))# #...<..## ..##...##
#.)### #.@#..## ### .###
##.# #..@.## .. #.## #.#.##
.# ##.# #.### #.## #.. ##.#
#.# #+# #.# ... #.# #...# #.
#..)#


You could see Terence.

Vanquished Creatures
  An ooze (D:1)
  3 dart slugs
  A leopard gecko (D:1)
  4 bats
  2 giant cockroaches (D:1)
  5 goblins (D:1)
  3 hobgoblins (D:1)
  3 jackals (D:1)
  A ball python (D:1)
  2 frilled lizards (D:1)
  2 kobolds (D:1)
  2 rats (D:1)
29 creatures vanquished.

Notes
Turn   | Place    | Note
-------+----------+-------------------------------------------
     0 | D:1      | Apogee the Ghoul Monk began the quest for the Orb.
     0 | D:1      | Reached XP level 1. HP: 19/19 MP: 0/0
    49 | D:1      | Reached XP level 2. HP: 22/26 MP: 1/1
   485 | D:1      | Reached XP level 3. HP: 30/31 MP: 2/2
   547 | D:1      | Reached skill level 4 in Unarmed Combat
  1407 | D:2      | Found a runed translucent door.
  1408 | D:2      | Noticed Crazy Yiuf
  1470 | D:2      | Noticed Terence
  1606 | D:2      | Slain by Terence

Illustrated notes

Levels and vault maps discovered:
D:1:      evilmike_arrival_hilbert_curve, layout_basic
D:2:      layout_rooms, tgw_trog, grunt_temple_overflow_cloverleaf,
          uniq_natasha, uniq_terence, uniq_crazy_yiuf_cottage

Skill      XL: |  1  2  3 |
---------------+----------+-----
Dodging        | 3 |  3.0
Unarmed Combat | 4 |  4.2
Fighting       | |  3.7
Stealth        | |  2.1

Action                   || total
-------------------------++-------
Melee: Unarmed           ||   107
Armor: Robe              ||    22
Dodge: Dodged            ||    78

Table legend: (Time is in decaauts)
 A = Elapsed time spent in this place.
 B = Non-inter-level travel time spent in this place.
 C = Inter-level travel time spent in this place.
 D = Time resting spent in this place.
 E = Time spent auto-exploring this place.
 F = Levels seen in this place.
 G = Mean time per level.
                   A        B        C        D        E       F      G
               +--------+--------+--------+--------+--------+-----+--------+
         Total |   1597 |   1537 |     60 |     40 |   1124 |   2 |  798.5 |
       Dungeon |   1597 |   1537 |     60 |     40 |   1124 |   2 |  798.5 |
               +--------+--------+--------+--------+--------+-----+--------+

Top non-repeatable levels by time:
     D:1: 1378 daAuts
     D:2: 218 daAuts
